 Dungeon Crawl Stone Soup version 0.21-a0-531-gacddea6 (webtiles) character file.

590 Amnesiac the Shield-Bearer (level 7, 0/40 HPs)
             Began as a Deep Elf Earth Elementalist on Dec 13, 2017.
             Was an Initiate of Sif Muna.
             Slain by an orc warrior
             ... wielding a +0 flail
              (26 damage)
             ... on level 4 of the Dungeon.
             The game lasted 00:06:57 (3887 turns).

Amnesiac the Shield-Bearer (DEEE)                   Turns: 3887, Time: 00:06:57

Health: 0/40       AC:  9    Str:  5    XL:     7   Next: 15%
Magic:  5/13       EV: 12    Int: 22    God:    Sif Muna [......]
Gold:   246        SH:  5    Dex: 15    Spells: 0/12 levels left

rFire    . . .     SeeInvis .   f - +1 dagger (venom)
rCold    + . .     Gourm    .   y - +0 buckler
rNeg     . . .     Faith    .   G - +1 leather armour {rPois}
rPois    +         Spirit   .   (no helmet)
rElec    .         Reflect  .   p - +1 cloak
rCorr    .         Harm     +   (no gloves)
MR       .....                  (no boots)
Stlth    ++........             o - amulet of harm
HPRegen  0.13/turn              k - +3 ring of protection
MPRegen  0.13/turn              E - ring of protection from cold

@: very slightly contaminated
A: no striking features
a: Renounce Religion


You were on level 4 of the Dungeon.
You worshipped Sif Muna.
Sif Muna was noncommittal.
You were hungry.

You visited 2 branches of the dungeon, and saw 5 of its levels.

You collected 246 gold pieces.

Inventory:

Hand Weapons
 f - a +1 dagger of venom (weapon)
Missiles
 b - 109 stones (quivered)
 l - 6 poisoned needles
Armour
 p - a +1 cloak (worn)
 y - a +0 buckler (worn)
 G - a +1 leather armour of poison resistance (worn)
Jewellery
 k - a +3 ring of protection (left hand)
 o - an amulet of harm (around neck)
 v - an uncursed ring of positive energy
 w - an uncursed ring of protection from fire
 E - a ring of protection from cold (right hand)
Scrolls
 a - 4 scrolls of teleportation {!r, unknown}
 g - 6 scrolls of identify {!r, unknown}
 h - 2 scrolls of remove curse {!r, unknown}
 i - a scroll of fear {!r, unknown}
 q - 3 scrolls of enchant weapon {!r, unknown}
 s - a scroll of fog {!r, unknown}
 t - 2 scrolls of amnesia {!r, unknown}
 x - a scroll of magic mapping {!r, unknown}
 I - a scroll of noise {!r, unknown}
 J - a scroll of random uselessness {!r, unknown}
Potions
 n - a potion of agility {!q, unknown}
 r - a potion of lignification {!q, unknown}
 u - 5 potions of curing {!q, unknown}
 z - a potion of flight {!q, unknown}
 A - 2 potions of cancellation {!q, unknown}
 B - a potion of might {!q, unknown}
 C - a potion of resistance {!q}
 F - a potion of mutation {!q, unknown}
 H - a potion of brilliance {!q, unknown}
Books
 e - a book of Geomancy

   Spells                             Type                      Level
   a - Sandblast                      Earth                        1
   b - Passwall                       Transmutation/Earth          2
   c - Stone Arrow                    Conjuration/Earth            3
   d - Petrify                        Transmutation/Earth          4
   e - Lee's Rapid Deconstruction     Earth                        5
Comestibles
 d - 5 bread rations
 j - 3 meat rations
 m - 6 fruits
 D - 3 royal jellies


   Skills:
 + Level 2.9 Fighting
 - Level 2.0 Short Blades
 - Level 2.7 Dodging
 - Level 4.0 Stealth
 - Level 4.4 Shields
 - Level 3.0 Spellcasting
 - Level 1.1 Transmutations
 - Level 3.4 Earth Magic


You couldn't memorise any spells.
You knew the following spells:

 Your Spells              Type           Power        Failure   Level  Hunger
a - Sandblast             Erth           ###...       4%          1    None
b - Passwall              Tmut/Erth      ##........   12%         2    ##.....
d - Lee's Rapid Deconstr  Erth           ###.......   80%         5    ######.
e - Petrify               Tmut/Erth      ##......     63%         4    ####...


Dungeon Overview and Level Annotations

Branches:
Dungeon (4/15)             Temple (1/1) D:4

Altars:
Ashenzari
Cheibriados
Elyvilon
Fedhas
Gozag
Hepliaklqana
Kikubaaqudgha
Makhleb
Nemelex Xobeh
Okawaru
Qazlal
Ru
Sif Muna
Trog
Uskayaw
Wu Jian
Xom
Yredelemnul
Zin
The Shining One


Message History

The orc is severely wounded.
The orc closely misses you.
You hit the orc but do no damage.
The orc looks as sick as possible!
The orc is severely wounded.
You kill the orc!
Sif Muna accepts your kill.
Things that are here:
a hand axe; a ring mail There isn't anything to butcher here.
Things that are here:
a club; a leather armour There isn't anything to butcher here.
You see here a club.
There isn't anything to butcher here.
Things that are here:
a club; a leather armour
Things that are here:
a hand axe; a ring mail You see here 24 arrows.
Key pressed, stopping explore.
You enter the shallow water.
Moving in this stuff is going to be slow.
All of the chunks of flesh in your inventory have rotted away.
Key pressed, stopping explore.
You now have 246 gold pieces (gained 11).
You are feeling hungry.
An orc warrior is nearby!
Casting: Sandblast
Confirm with . or Enter, or press ? or * to list all spells.
The spell is very dangerous to cast!
Continue anyway? [Y]es or [N]o only, please.
The spell is very dangerous to cast!
Continue anyway? [Y]es or [N]o only, please.
The spell is very dangerous to cast!
Continue anyway?
Okay, then.
Casting: Petrify
Confirm with . or Enter, or press ? or * to list all spells.
The spell is very dangerous to cast!
Continue anyway? [Y]es or [N]o only, please.
The spell is very dangerous to cast!
Continue anyway?
Aiming: Petrify
Press: ? - help, Shift-Dir - straight line, f - orc warrior
Aim: an orc warrior, wielding a flail and wearing a chain mail (hasn't noticed you, chance to defeat MR: 44%)
You miscast Petrify.
You are very lightly contaminated with residual magic.
Nothing appears to happen.
The orc warrior shouts!
The orc warrior drinks a potion.
The orc warrior suddenly seems more resistant.
Casting: Petrify
Confirm with . or Enter, or press ? or * to list all spells.
The spell is very dangerous to cast!
Continue anyway? [Y]es or [N]o only, please.
The spell is very dangerous to cast!
Continue anyway?
Aiming: Petrify
Press: ? - help, Shift-Dir - straight line, f/p - orc warrior
Aim: an orc warrior, wielding a flail and wearing a chain mail (unusually resistant, chance to defeat MR: 44%)
The orc warrior resists with some effort.
The orc shouts!
The orc warrior hits you with a flail!
You hit the orc warrior but do no damage.
The orc warrior hits you with a flail!!
Ouch! That really hurt!
You die...

#.......# ######### #.......#
#.#.....#
#.......#############.#.....#
###.....................#.....#
..............................#
.##.......########<...#.###..##
.##....##.# #####....#.# ##.#
.##....##.####......###.####.####
.##........##.oo@§§..##....[.....
.##........##....§...#######.####
......[.....o...................<
.##........##........#######.###.
.##........##....................
.######....##....................
.# #######.................... .#
#########.#######...# .# #.#
#...#


You could see an orc warrior and 2 orcs.

Vanquished Creatures
  A hippogriff (D:3)
  A howler monkey (D:2)
  2 orc priests
  Natasha (thrice) (D:3)
  A worker ant (D:4)
  A hound skeleton (D:4)
  A howler monkey zombie (D:4)
  3 adders (D:3)
  A gnoll (D:2)
  3 oozes
  6 worms
  4 dart slugs
  2 leopard geckos
  16 orcs
  3 ball pythons
  8 giant cockroaches
  12 goblins
  10 hobgoblins
  7 jackals (D:4)
  2 quokkas
  5 bats
  6 frilled lizards
  4 kobolds
  7 rats
109 creatures vanquished.

Notes
Turn   | Place    | Note
-------+----------+-------------------------------------------
     0 | D:1      | Amnesiac the Deep Elf Earth Elementalist began the quest for the Orb.
     0 | D:1      | Reached XP level 1. HP: 10/10 MP: 6/6
    43 | D:1      | Reached skill level 1 in Fighting
   164 | D:1      | Reached XP level 2. HP: 16/16 MP: 6/8
   224 | D:1      | Learned a level 2 spell: Passwall
   956 | D:2      | Noticed a howler monkey
   968 | D:2      | Killed a howler monkey
   968 | D:2      | Reached skill level 1 in Short Blades
   968 | D:2      | Reached XP level 3. HP: 21/21 MP: 5/9
  1006 | D:2      | Reached XP level 4. HP: 18/26 MP: 10/10
  1031 | D:2      | Found an iron altar of Okawaru.
  1121 | D:2      | Found a snail-covered altar of Cheibriados.
  1951 | D:2      | Learned a level 4 spell: Petrify
  2049 | D:3      | Reached skill level 1 in Shields
  2149 | D:3      | Found a glowing golden altar of the Shining One.
  2150 | D:3      | Noticed Natasha
  2166 | D:3      | Reached XP level 5. HP: 30/30 MP: 8/11
  2168 | D:3      | Killed Natasha
  2322 | D:3      | Noticed Natasha
  2332 | D:3      | Killed Natasha
  2436 | D:3      | Noticed Natasha
  2437 | D:3      | Killed Natasha
  2437 | D:3      | Reached XP level 6. HP: 31/35 MP: 9/12
  2476 | D:3      | Noticed a hippogriff
  2484 | D:3      | Killed a hippogriff
  3112 | D:4      | Found a staircase to the Ecumenical Temple.
  3163 | D:4      | Found a basalt altar of Yredelemnul.
  3190 | Temple   | Entered the Ecumenical Temple
  3225 | Temple   | Became a worshipper of Sif Muna the Loreminder
  3245 | D:4      | Reached XP level 7. HP: 40/40 MP: 13/13
  3349 | D:4      | Found an opulent altar of Gozag.
  3464 | D:4      | Learned a level 5 spell: Lee's Rapid Deconstruction
  3887 | D:4      | Slain by an orc warrior

Vault maps used:
D:1:      dpeg_arrival_solitude
D:2:      cheibriados_altar_1, okawaru_altar_gauntlet_db, minmay_pentomino_t4
D:3:      cheibrodos_greedy_goblins, tso_metal_star, uniq_natasha
D:4:      nicolae_overflow_hidden_temple,
          nicolae_gozag_cash_rules_everything_around_me,
          minmay_temple_entry_purple_smoke, serial_shops, shop, first_bread,
          nicolae_underground_beach
Temple:   nicolae_temple_x_marks_the_god

Skill      XL: |  1  2  3  4  5  6 |
---------------+-------------------+-----
Fighting       | 1 2 |  2.9
Short Blades   | 1 2 |  2.0
Stealth        | 3 4 |  4.0
Shields        | 1 3 4 |  4.4
Dodging        | |  2.7
Spellcasting   | |  3.0
Transmutations | |  1.1
Earth Magic    | |  3.4

Action                   |  1- 3 |  4- 6 |  7- 9 || total
-------------------------+-------+-------+-------++-------
Melee: Dagger            |    38 |   129 |    67 ||   234
 Cast: Sandblast         |    12 |    54 |     8 ||    74
       Passwall          |       |     2 |     2 ||     4
       Petrify           |       |       |     1 ||     1
 Stab: Sleeping          |     4 |     7 |     4 ||    15
  Eat: Chunk             |       |     7 |     2 ||     9
Armor: Robe              |     9 |    27 |       ||    36
       Leather armour    |       |    13 |    18 ||    31
Dodge: Dodged            |    27 |    76 |    31 ||   134
Block: Buckler           |       |    15 |    26 ||    41

Table legend:
 A = Spawn XP
 B = Non-spawn XP
 C = Spawn XP percentage of total XP
 D = Spawn monster count
 E = Non-spawn monster count
 F = Spawn count percentage of total count
 G = Total turns spent on level
                    A         B        C        D         E        F      G
               +---------+---------+-------+---------+---------+-------+---------
         Total |       0 |     843 |   0.0 |       0 |     109 |   0.0 |  3887
               +---------+---------+-------+---------+---------+-------+---------
           D:1 |       0 |      27 |   0.0 |       0 |      16 |   0.0 |   848
           D:2 |       0 |     127 |   0.0 |       0 |      26 |   0.0 |  1104
           D:3 |       0 |     518 |   0.0 |       0 |      42 |   0.0 |  1120
           D:4 |       0 |     171 |   0.0 |       0 |      25 |   0.0 |   771
               +---------+---------+-------+---------+---------+-------+---------
